 Dungeon Crawl Stone Soup version 0.29.1-1-gd02db6906a (webtiles) character file.

Game seed: 2609041195839447190

1059 Icepheonix32 the Covered (level 8, -3/71 HPs)
             Began as a Minotaur Fighter on Sept 22, 2022.
             Slain by a gnoll
             ... wielding a +0 spear
             ... led by a gnoll sergeant
              (6 damage)
             ... on level 4 of the Dungeon.
             The game lasted 00:04:52 (3973 turns).

Icepheonix32 the Covered (Minotaur Fighter)         Turns: 3973, Time: 00:04:53

Health: -3/71      AC:  8    Str: 22    XL:     8   Next: 6%
Magic:  7/7        EV: 10    Int:  5    God:
Gold:   194        SH:  5    Dex: 13    Spells: 7/7 levels left

rFire   . . .      SeeInvis .   t - +2 hand axe (freeze)
rCold   . . .      Faith    .   l - +0 buckler "Utikaa" {rElec Dex+2}
rNeg    . . .      Spirit   .   b - +0 scale mail
rPois   .          Reflect  .   q - +0 hat
rElec   +          Harm     .   (no cloak)
rCorr   .          Rampage  .   (no gloves)
Will    .....                   (no boots)
Stlth   ..........              (no amulet)
HPRegen 0.21/turn               (no ring)
MPRegen 0.10/turn               (no ring)

@: mighty, lethally poisoned (-3 -> -4)
A: horns 2, retaliatory headbutt
a: no special abilities


You were on level 4 of the Dungeon.
You visited 1 branch of the dungeon, and saw 4 of its levels.

You collected 194 gold pieces.

Inventory:

Hand Weapons
 a - a +1 war axe
 t - a +2 hand axe of freezing (weapon)
Armour
 b - a +0 scale mail (worn)
 c - a +0 buckler
 l - the +0 buckler "Utikaa" (worn) {rElec Dex+2}
   (You found it on level 4 of the Dungeon)

   Dex:       It affects your dexterity (+2).
   rElec:     It insulates you from electricity.
 n - a +4 chain mail of cold resistance
 q - a +0 hat (worn)
Jewellery
 y - a ring of fire
Wands
 r - a wand of paralysis (7)
 x - a wand of quicksilver (9)
Scrolls
 h - 2 scrolls of immolation
 i - a scroll of torment
 u - a scroll of enchant weapon
 v - 3 scrolls of blinking
 z - a scroll of amnesia {unknown}
Potions
 d - 3 potions of might
 e - a potion of invisibility
 f - a potion of resistance
 g - a potion of attraction {unknown}
 j - a potion of lignification {unknown}
 k - 2 potions of flight {unknown}
 m - a potion of heal wounds
 o - 3 potions of haste {unknown}
 p - a potion of mutation {unknown}
 s - a potion of curing {unknown}
 w - a potion of cancellation {unknown}


   Skills:
 * Level 6.4 Fighting
 + Level 6.3 Axes
 * Level 7.8 Armour
 + Level 1.5 Dodging
 + Level 0.9 Stealth
 + Level 4.5 Shields


You had 7 spell levels left.
You didn't know any spells.
Your spell library contained the following spells:

 Spells                   Type           Power      Damage    Failure   Level
 Ignite Poison            Fire/Tmut/Pois 0%         N/A       99%         3
 Mephitic Cloud           Conj/Pois/Air  0%         N/A       99%         3
 Freezing Cloud           Conj/Ice/Air   0%         6-21      100%        5


Dungeon Overview and Level Annotations

Branches:
Dungeon (4/15)
 Temple: D:4-7

Altars:
Ashenzari
Elyvilon
Vehumet
Xom
The Shining One

Annotations:
D:4 Dowan, Duvessa


Innate Abilities, Weirdness & Mutations

You have a pair of horns on your head.
You reflexively headbutt those who attack you in melee.


Message History

You feel very mighty all of a sudden.
You feel sick.
You are no longer poisoned.
The gnoll sergeant hits you from afar with a +1 trident of venom!
You are poisoned.
You feel very sick. You block the gnoll sergeant's attack.
You closely miss the gnoll sergeant.
The gnoll sergeant is moderately wounded.
You feel very sick.
The gnoll sergeant hits you with a +1 trident of venom!
* * * LOW HITPOINT WARNING * * *
You hit the gnoll sergeant. You freeze the gnoll sergeant.
The gnoll sergeant is heavily wounded.
You feel sick.
The gnoll sergeant hits you but does no damage.
You slash the gnoll sergeant! You freeze the gnoll sergeant.
You kill the gnoll sergeant!
You feel sick.
You have reached level 8!
You feel agile.
You hit the gnoll. You freeze the gnoll.
You kill the gnoll!
You feel sick. The gnoll barely misses you.
Unknown command.
You feel sick. The gnoll hits you with a +0 spear.
* * * LOW HITPOINT WARNING * * *
The gnoll hits you but does no damage.
Items here: $ )) = [.
You hit the gnoll. You freeze the gnoll.
The gnoll is heavily wounded.
You feel sick. The gnoll hits you but does no damage.
You block the gnoll's attack.
Unknown command.
You slash the gnoll! You freeze the gnoll.
You kill the gnoll!
You feel sick. The gnoll barely misses you.
Unknown command.
You feel sick. The gnoll hits you with a +0 spear.
You die...

..#'#..# #.# #.#.# #..
....# #.# #.#.# ## .
...# ######.# #.#)#####
##.# #......# #[#......
#.###### #.####### #.#
#.....# #.# #####.# #)#
#.### #@# #.... ####g#
#..## ##g...# #..##
###~g~~## #..##
#~~g~#### ####### #..##
~~~~g~~####.#
#.....####.... ~~~#####
#.###.###.......## ##
#.# #.................
#.########.###..#######


You could see a gnoll.

Vanquished Creatures
  Pikel (D:4)
  A black bear (D:3)
  2 ogres (D:4)
  A gnoll sergeant (D:4)
  A scorpion (D:4)
  A hound (D:4)
  A jelly (D:3)
  Jessica (D:2)
  Terence (D:2)
  2 gnolls (D:4)
  2 adders
  An ufetubus (D:3)
  A worm (D:2)
  5 dart slugs
  An orc (D:3)
  5 ball pythons
  8 bats
  7 endoplasms
  3 giant cockroaches
  7 goblins
  5 hobgoblins
  4 jackals (D:3)
  5 quokkas
  2 frilled lizards (D:1)
  4 kobolds
  6 rats
78 creatures vanquished.

Notes
Turn   | Place    | Note
-------+----------+-------------------------------------------
     0 | D:1      | Icepheonix32 the Minotaur Fighter began the quest for the
                  | Orb.
     0 | D:1      | Reached XP level 1. HP: 19/19 MP: 0/0
   323 | D:1      | Reached XP level 2. HP: 25/27 MP: 1/1
   603 | D:2      | Reached skill level 4 in Armour
   800 | D:2      | Reached XP level 3. HP: 33/33 MP: 2/2
   827 | D:2      | Noticed Terence
   839 | D:2      | Killed Terence
  1149 | D:2      | Found a faded altar of an unknown god.
  1205 | D:2      | Noticed Jessica
  1207 | D:2      | Killed Jessica
  1208 | D:2      | Reached XP level 4. HP: 31/41 MP: 3/3
  2083 | D:3      | Found a broken altar of Ashenzari.
  2212 | D:3      | Noticed a black bear
  2216 | D:3      | Killed a black bear
  2217 | D:3      | Reached skill level 5 in Fighting
  2217 | D:3      | Reached skill level 5 in Armour
  2217 | D:3      | Reached XP level 5. HP: 48/48 MP: 4/4
  2452 | D:3      | Found a white marble altar of Elyvilon.
  2607 | D:4      | Reached XP level 6. HP: 49/56 MP: 5/5
  2730 | D:4      | Noticed Pikel
  2746 | D:4      | Killed Pikel
  2747 | D:4      | Reached skill level 5 in Axes
  2747 | D:4      | Reached skill level 7 in Armour
  2747 | D:4      | Reached skill level 1 in Dodging
  2747 | D:4      | Reached XP level 7. HP: 30/63 MP: 6/6
  3286 | D:4      | Found a glowing golden altar of the Shining One.
  3291 | D:4      | Noticed Duvessa
  3292 | D:4      | Noticed Dowan
  3604 | D:4      | Identified the +0 buckler "Utikaa" {rElec Dex+2}
  3756 | D:4      | Found a shimmering altar of Xom.
  3757 | D:4      | Found a radiant altar of Vehumet.
  3969 | D:4      | Reached XP level 8. HP: 10/71 MP: 7/7
  3972 | D:4      | HP: 3/71 [poisoned by a gnoll sergeant]
  3973 | D:4      | Slain by a gnoll

Illustrated notes

Levels and vault maps discovered:
D:1:      dpeg_arrival_rhombi, layout_basic, minivault_27, minmay_tetromino_t2
D:2:      layout_loops_ring, ebering_ecumenical_altar_petrified, uniq_jessica,
          uniq_terence
D:3:      layout_loops_corners, nicolae_elyvilon_peaceful_grove,
          mainiacjoe_overflow_boulevard
D:4:      layout_loops_ring, kennysheep_mini_moat,
          mainiacjoe_overflow_divided_tiny, minmay_misc_feat_doors,
          chequers_serial_rivers_large_b, grunt_decor_arrowhead, uniq_duvessa,
          uniq_pikel

Skill      XL: |  1  2  3  4  5  6  7 |
---------------+----------------------+-----
Fighting       | 4 5 6 |  6.4
Shields        | 4 |  4.5
Armour         | 4 5 7 |  7.8
Axes           | 3 4 5 6 |  6.3
Dodging        | 1 |  1.5
Stealth        | |  0.9

Action                   |  1- 3 |  4- 6 |  7- 9 || total
-------------------------+-------+-------+-------++-------
Melee: War axe           |    58 |    42 |       ||   100
       Headbutt          |    10 |     8 |     3 ||    21
       Hand axe          |       |    37 |    43 ||    80
  Use: Scroll            |     5 |     1 |     2 ||     8
       Potion            |       |     1 |     2 ||     3
 Stab: Invisible         |       |     1 |       ||     1
Armor: Scale mail        |    29 |    31 |    18 ||    78
Dodge: Dodged            |    32 |    40 |     8 ||    80
Block: Buckler           |    12 |    15 |    10 ||    37
